 Dungeon Crawl Stone Soup version 0.20.0-7-g3b7b877 (webtiles) character file.

95 shinino the Chopper (level 4, -4/35 HPs)
             Began as a Formicid Fighter on May 29, 2017.
             Slain by rutigerpupkin's ghost (13 damage)
             ... on level 3 of the Dungeon.
             The game lasted 00:03:22 (1542 turns).

shinino the Chopper (Formicid Fighter)              Turns: 1542, Time: 00:03:23

Health: -4/35      AC:  6    Str: 25    XL:     4   Next: 97%
Magic:  4/4        EV:  8    Int:  8    God:
Gold:   78         SH: 10    Dex: 11    Spells: 3/3 levels left

rFire    . . .     SeeInvis +   a - +1 war axe
rCold    . . .     Gourm    .   c - +0 shield
rNeg     . . .     Faith    .   b - +0 scale mail
rPois    .         Spirit   .   (helmet unavailable)
rElec    .         Reflect  .   (no cloak)
rCorr    .         Harm     .   (no gloves)
MR       .....                  (no boots)
Stlth    +.........             l - amulet of regeneration
Regen    0.6/turn               i - ring of stealth
MPRegen  0.1/turn               (no ring)

@: mighty
A: permanent stasis, dig shafts and tunnels, four strong arms, antennae 3
a: Dig, Shaft Self


You were on level 3 of the Dungeon.
You were not hungry.

You visited 1 branch of the dungeon, and saw 3 of its levels.

You collected 78 gold pieces.

Inventory:

Hand Weapons
 a - a +1 war axe (weapon)
Armour
 b - a +0 scale mail (worn)
 c - a +0 shield (worn)
Jewellery
 i - a ring of stealth (left hand)
 l - an amulet of regeneration (around neck)
Scrolls
 h - a scroll of amnesia {unknown}
 k - a scroll of immolation {unknown}
 m - a scroll of enchant armour {unknown}
 n - 3 scrolls of enchant weapon
 o - 2 scrolls of identify {unknown}
 q - a scroll of fog {unknown}
 u - a scroll of remove curse {unknown}
Potions
 e - a potion of mutation {unknown}
 j - a potion of brilliance {unknown}
 p - a potion of heal wounds {unknown}
Comestibles
 f - 5 bread rations
 g - 9 chunks of flesh
 r - a meat ration
 s - 12 fruits


   Skills:
 - Level 3.2 Fighting
 + Level 4.7 Axes
 - Level 3.2 Armour
 - Level 3.6 Shields


You had 3 spell levels left.
You didn't know any spells.

Dungeon Overview and Level Annotations

Branches:
Dungeon (3/15)

Altars:
Fedhas

Annotations:
D:3 rutigerpupkin's ghost, amateur GrFi


Innate Abilities, Weirdness & Mutations

You cannot be hasted, slowed, berserked, paralysed or teleported.
You can dig through walls and to a lower floor.
Your four strong arms can wield two-handed weapons with a shield.
You have a pair of large antennae on your head. (SInv)


Message History

Rutigerpupkin's ghost hits you!
You feel very mighty all of a sudden.
You block rutigerpupkin's ghost's attack.
You hit rutigerpupkin's ghost.
Rutigerpupkin's ghost is lightly damaged.
You hear the quick rusting of a drain nearby.
You block rutigerpupkin's ghost's attack.
Rutigerpupkin's ghost hits you!
An orc comes into view. It is wielding a club.
The orc shouts!
You hit rutigerpupkin's ghost.
Rutigerpupkin's ghost is moderately damaged.
Rutigerpupkin's ghost wails.
Rutigerpupkin's ghost hits you!
* * * LOW HITPOINT WARNING * * *
Some of the chunks of flesh in your inventory have rotted away.
You slash rutigerpupkin's ghost!
Rutigerpupkin's ghost is severely damaged.
Rutigerpupkin's ghost hits you!
You die...

........# ####....#{
#......# #.######
##.###### ###
........## ...
##.#####.# #o# ##.#
#<#+## #W#
...#####....##.#@#
...##..........#.#
...##.##....####.###
.................#..
......########..##.#
####### ##.##.#
#.##.# #..#.# ##.#.#


You could see rutigerpupkin's ghost and an orc.

Vanquished Creatures
  3 adders (D:3)
  A worm (D:3)
  6 dart slugs
  A leopard gecko (D:3)
  4 goblins
  9 hobgoblins
  8 jackals
  4 kobolds
  8 bats
  3 frilled lizards
  3 rats
50 creatures vanquished.

Vanquished Creatures (others)
  A bat (D:1)
1 creature vanquished.

Grand Total: 51 creatures vanquished

Notes
Turn   | Place    | Note
-------+----------+-------------------------------------------
     0 | D:1      | shinino the Formicid Fighter began the quest for the Orb.
     0 | D:1      | Reached XP level 1. HP: 18/18 MP: 1/1
   142 | D:1      | Reached XP level 2. HP: 24/24 MP: 2/2
   155 | D:1      | Reached skill level 3 in Axes
   233 | D:1      | Reached XP level 3. HP: 29/29 MP: 3/3
  1100 | D:2      | Reached skill level 4 in Axes
  1100 | D:2      | Reached XP level 4. HP: 35/35 MP: 4/4
  1492 | D:3      | Found a blossoming altar of Fedhas.
  1536 | D:3      | Noticed rutigerpupkin's ghost (amateur GrFi)
  1542 | D:3      | Slain by rutigerpupkin's ghost

Skill      XL: |  1  2  3 |
---------------+----------+-----
Axes           | 3 4 |  4.7
Fighting       | |  3.2
Armour         | |  3.2
Shields        | |  3.6

Action                   |  1- 3 |  4- 6 || total
-------------------------+-------+-------++-------
Melee: War axe           |    80 |    67 ||   147
  Use: Scroll            |       |     2 ||     2
       Potion            |       |     1 ||     1
  Eat: Chunk             |     1 |     1 ||     2
Armor: Scale mail        |    38 |    22 ||    60
Dodge: Dodged            |    34 |    24 ||    58
Block: Shield            |    56 |    33 ||    89
